 Dungeon Crawl Stone Soup version 0.25-a0-435-g4b9beb1024 (webtiles) character file.

Game seed: 13517767341474373358, levelgen mode: deterministic

150 Elellon the Conjurer (level 5, -2/28 HPs)
             Began as a Deep Elf Conjurer on Jan 28, 2020.
             Killed from afar by an orc wizard (6 damage)
             ... with a magic dart
             ... on level 3 of the Dungeon.
             The game lasted 00:03:41 (2290 turns).

Elellon the Conjurer (Deep Elf Conjurer)            Turns: 2290, Time: 00:03:41

Health: -2/28      AC:  2    Str:  6    XL:     5   Next: 10%
Magic:  1/14       EV: 12    Int: 20    God:
Gold:   84         SH:  4    Dex: 15    Spells: 10/13 levels left

rFire    . . .     SeeInvis .   d - +0 short sword
rCold    . . .     Gourm    .   e - +0 buckler
rNeg     . . .     Faith    .   a - +0 robe
rPois    .         Spirit   .   (no helmet)
rElec    .         Reflect  .   (no cloak)
rCorr    .         Harm     .   (no gloves)
MR       .....                  (no boots)
Stlth    ++........             (no amulet)
HPRegen  0.09/turn              (no ring)
MPRegen  0.14/turn              (no ring)

@: no status effects
A: no striking features
a: no special abilities


You were on level 3 of the Dungeon.
You were not hungry.

You visited 1 branch of the dungeon, and saw 3 of its levels.

You collected 84 gold pieces.

Inventory:

Hand Weapons
 d - a +0 short sword (weapon)
Armour
 a - a +0 robe (worn)
 e - a +0 buckler (worn)
 l - a +2 shield
Jewellery
 f - an uncursed amulet of the acrobat {unknown}
 m - an uncursed ring of positive energy {unknown}
 p - an uncursed ring of protection from cold {unknown}
Scrolls
 g - 2 scrolls of teleportation {unknown}
 h - 2 scrolls of noise {unknown}
 i - 2 scrolls of random uselessness {unknown}
 k - 5 scrolls of identify {unknown}
 q - a scroll of remove curse {unknown}
Potions
 b - a potion of curing {unknown}
 j - a potion of agility {unknown}
 n - a potion of lignification {unknown}
Comestibles
 c - 3 rations
 o - 3 chunks of flesh


   Skills:
 - Level 2.4 Dodging
 - Level 2.4 Stealth
 + Level 1.9 Shields
 + Level 4.9 Spellcasting
 + Level 5.5 Conjurations


You had 10 spell levels left.
You knew the following spells:

 Your Spells              Type           Power        Failure   Level  Hunger
a - Magic Dart            Conj           ####         1%          1    None
b - Searing Ray           Conj           ####..       2%          2    #......

Your spell library contained the following spells:

 Spells                   Type           Power        Failure   Level  Hunger
 Dazzling Flash           Conj/Hex       ###...       14%         3    ##.....
 Fulminant Prism          Conj/Hex       ###.......   43%         4    ####...
 Iskenderun's Mystic Bla  Conj/Tloc      ###.....     43%         4    ####...


Dungeon Overview and Level Annotations

Branches:
Dungeon (3/15)

Altars:


Message History

Aiming: Magic Dart (safe; 1% risk of failure)
Press: ? - help, Shift-Dir - straight line, f/p - kobold
Aim: a kobold, wielding a +0 dagger The magic dart hits something.
Casting: Magic Dart (safe; 1% risk of failure)
Confirm with . or Enter, or press ? or * to list all spells.
Aiming: Magic Dart (safe; 1% risk of failure)
Press: ? - help, Shift-Dir - straight line, f/p - kobold
Aim: a kobold, wielding a +0 dagger The magic dart hits something but does no damage.
Casting: Magic Dart (safe; 1% risk of failure)
Confirm with . or Enter, or press ? or * to list all spells.
You don't have enough magic to cast that spell.
You hear some strange, mumbled words.
A puff of flame appears from out of thin air!
The puff of flame hits you!
* * * LOW HITPOINT WARNING * * *
A magic dart appears from out of thin air!
The magic dart hits you.
You die...

#.# #.# #.# #.# #.# #.# #.# #.#
######## #.# #.# #.......
#####.#### #.# ########.######
.........#####.####........#
.####.##.#..........K..÷#..######
.# #.##.....#.#@##.#.#..........
.# #.##.......#.>..#.###..#####.
.# #.##....÷#####..#.# #..# . .#
#.##......<# ..##.# #### . .#
##.##(......#....... .
.###.#.#....÷....####.# .
....###..#.....### #.# .
####.#÷###....## . ##.## #...>..


You could see a kobold.

Vanquished Creatures
  An orc priest (D:3)
  An orc wizard (D:3)
  3 adders (D:2)
  An ooze (D:1)
  A worm (D:3)
  3 dart slugs
  2 leopard geckos
  An orc (D:3)
  2 bats
  3 giant cockroaches (D:1)
  6 goblins
  6 hobgoblins
  3 jackals (D:1)
  8 kobolds
  A quokka (D:2)
  4 frilled lizards
  6 rats
52 creatures vanquished.

Notes
Turn   | Place    | Note
-------+----------+-------------------------------------------
     0 | D:1      | Elellon the Deep Elf Conjurer began the quest for the Orb.
     0 | D:1      | Reached XP level 1. HP: 10/10 MP: 6/6
   188 | D:1      | Reached XP level 2. HP: 15/15 MP: 4/8
   229 | D:1      | Learned a level 2 spell: Searing Ray
   773 | D:1      | Reached XP level 3. HP: 19/19 MP: 5/10
  1017 | D:2      | Reached skill level 1 in Shields
  1115 | D:2      | Reached skill level 5 in Conjurations
  1579 | D:2      | Reached XP level 4. HP: 24/24 MP: 8/12
  2271 | D:3      | Reached XP level 5. HP: 12/28 MP: 2/14
  2290 | D:3      | Killed from afar by an orc wizard

Levels and vault maps discovered:
D:1:      onia_arrival_handbag, layout_basic
D:2:      layout_loops_corners
D:3:      layout_loops_ring

Skill      XL: |  1  2  3 |
---------------+----------+-----
Shields        | 1 |  1.9
Spellcasting   | 4 |  4.9
Conjurations   | 5 |  5.5
Dodging        | |  2.4
Stealth        | |  2.4

Action                   |  1- 3 |  4- 6 || total
-------------------------+-------+-------++-------
 Cast: Magic Dart        |    80 |    46 ||   126
  Eat: Chunk             |     1 |     3 ||     4
Armor: Robe              |     2 |       ||     2
Dodge: Dodged            |     9 |     1 ||    10
Block: Buckler           |     3 |       ||     3

Table legend:
 A = Non-vault XP
 B = Vault XP
 C = Vault XP percentage of total XP
 D = Non-vault monster count
 E = Vault monster count
 F = Vault count percentage of total count
                 A         B        C        D         E       F
            +---------+---------+-------+---------+---------+-------
      Total |     205 |      10 |   4.7 |      48 |       4 |   7.7
            +---------+---------+-------+---------+---------+-------
        D:1 |      38 |      10 |  20.8 |      20 |       4 |  16.7
        D:2 |      65 |       0 |   0.0 |      18 |       0 |   0.0
        D:3 |     102 |       0 |   0.0 |      10 |       0 |   0.0
            +---------+---------+-------+---------+---------+-------
